 Dungeon Crawl Stone Soup version 0.28.0-53-g5a82cb258f (webtiles) character file.

Game seed: 4830080223891761029

50 SanguineChosen the Skirmisher (level 3, -2/24 HPs)
             Began as a Gargoyle Fighter on July 20, 2022.
             Slain by a worm (5 damage)
             ... on level 2 of the Dungeon.
             The game lasted 00:02:24 (1293 turns).

SanguineChosen the Skirmisher (Gargoyle Fighter)    Turns: 1293, Time: 00:02:25

Health: -2/24      AC: 10    Str: 21    XL:     3   Next: 79%
Magic:  3/3        EV: 13    Int:  8    God:
Gold:   96         SH:  4    Dex:  9    Spells: 2/2 levels left

rFire   + . .      SeeInvis .   a - +0 flail
rCold   + . .      Faith    .   c - +0 buckler
rNeg    + . .      Spirit   .   b - +0 scale mail
rPois   ∞          Reflect  .   (no helmet)
rElec   +          Harm     .   (no cloak)
rCorr   +          Rampage  .   (no gloves)
Will    .....                   (no boots)
Stlth   ..........              (no amulet)
HPRegen 0.08/turn               h - +4 ring of evasion
MPRegen 0.08/turn               (no ring)

@: resistant
A: sickness immunity, AC +3, negative energy resistance 1, electricity
resistance, torment resistance 1, petrification resistance
a: no special abilities


You were on level 2 of the Dungeon.
You visited 1 branch of the dungeon, and saw 2 of its levels.

You collected 96 gold pieces.

Inventory:

Hand Weapons
 a - a +0 flail (weapon)
Missiles
 m - a poisoned dart (quivered)
Armour
 b - a +0 scale mail (worn)
 c - a +0 buckler (worn)
Jewellery
 h - a +4 ring of evasion (left hand)
Scrolls
 e - a scroll of immolation {unknown}
 f - 2 scrolls of vulnerability {unknown}
 g - 2 scrolls of enchant armour {unknown}
 l - 2 scrolls of identify {unknown}
Potions
 d - a potion of might
 i - a potion of brilliance {unknown}
 j - a potion of lignification {unknown}


   Skills:
 + Level 3.8 Fighting
 + Level 2.4 Maces & Flails
 + Level 3.8 Armour
 + Level 0.3 Dodging
 + Level 3.7 Shields


You had 2 spell levels left.
You didn't know any spells.
Your spell library was empty.

Dungeon Overview and Level Annotations

Branches:
Dungeon (2/15)

Altars:

Annotations:
D:2 Sigmund


Innate Abilities, Weirdness & Mutations

You are immune to sickness and miasma.
Your stone body is resilient. (AC +3)
You are immune to poison.
You resist negative energy. (rN+)
You are resistant to electric shocks. (rElec)
You are resistant to unholy torment.
You are immune to petrification.


Message History

The poisoned dart barely misses Sigmund.
Throw: 3 darts (poison)
Press: ? - help, Q - select action Shift-Dir - straight line, f/p - Sigmund
Aim: Sigmund, wielding a +3 scythe of flaming and wearing a +0 robe of willpower (50% to hit)
You throw a poisoned dart.
The poisoned dart closely misses Sigmund.
Sigmund closely misses you. Sigmund closely misses you.
A rat and a frilled lizard come into view.
The frilled lizard hisses angrily.
Throw: 2 darts (poison)
Press: ? - help, Q - select action Shift-Dir - straight line, f/p - Sigmund
Aim: Sigmund, wielding a +3 scythe of flaming and wearing a +0 robe of willpower (50% to hit)
You throw a poisoned dart. The poisoned dart hits the worm.
The worm is poisoned.
Sigmund misses you. The worm bites you but does no damage.
You barely miss the worm.
The worm is lightly wounded.
Sigmund hits you from afar with a +3 scythe of flaming!
Sigmund burns you. You block the frilled lizard's attack.
You block the frilled lizard's attack.
Sigmund casts a spell.
Sigmund flickers and vanishes!
Deactivating autopickup; reactivate with Ctrl-A.
You hit the worm.
The worm is lightly wounded.
You block the frilled lizard's attack. The worm closely misses you.
You thump the worm!
The worm is heavily wounded.
The worm looks more healthy.
The frilled lizard completely misses you.
The frilled lizard barely misses you. Something hits you!
* * * LOW HITPOINT WARNING * * *
Something burns you.
* * * LOW HITPOINT WARNING * * *
It was a potion of resistance.
You feel protected. The worm bites you.
You die...

...######## #.....((..# ..
### #.>.......# #. ..
#.........# .. #.##
.........# .# #. ###...
#........# .# #.. ....r#
#........# .#
####..###.###l####..# .#
..........##.@w.....## .##.#
#.#..##..######..## ....
#.......# ##..## ..#
##....### ##..#
.########...## #### ##.#
............#######..# #.##
...................>.## #..#
..........##.##..###..####.#
†....†....##.##..#
##..###.####


You could see a worm, a frilled lizard and a rat.

Vanquished Creatures
  3 adders (D:2)
  2 dart slugs
  A ball python (D:1)
  2 bats (D:1)
  An endoplasm (D:2)
  4 hobgoblins
  2 quokkas
  3 frilled lizards
  2 rats
20 creatures vanquished.

Vanquished Creatures (others)
  A fungus (D:1)
1 creature vanquished.

Grand Total: 21 creatures vanquished

Notes
Turn   | Place    | Note
-------+----------+-------------------------------------------
     0 | D:1      | SanguineChosen the Gargoyle Fighter began the quest for the
                  | Orb.
     0 | D:1      | Reached XP level 1. HP: 14/14 MP: 1/1
   281 | D:1      | Found a faded altar of an unknown god.
   551 | D:1      | Reached XP level 2. HP: 19/19 MP: 2/2
   913 | D:2      | Reached XP level 3. HP: 18/24 MP: 3/3
  1275 | D:2      | Noticed Sigmund
  1293 | D:2      | Slain by a worm

Illustrated notes

Levels and vault maps discovered:
D:1:      dpeg_cavernosity, layout_rooms, dreamdust_ecumenical_altar_grove
D:2:      layout_rooms, basic_altar, grunt_ministairs_15, uniq_sigmund

Action                   || total
-------------------------++-------
Melee: Flail             ||    90
Throw: Dart              ||     4
  Use: Potion            ||     1
Armor: Scale mail        ||    56
Dodge: Dodged            ||    71
Block: Buckler           ||    19
